 Dungeon Crawl Stone Soup version 0.30.1-4-g462c640d31 (webtiles) character file.

Game seed: 5713874440325546557

1651010 LordWeiramon the Cutthroat (level 26, 217/217 HPs)
             Began as a Vampire Wanderer on Sept 10, 2023.
             Was the Champion of Ashenzari.
             Escaped with the Orb
             ... and 3 runes on Sept 11, 2023!
             The game lasted 07:33:41 (70962 turns).

LordWeiramon the Cutthroat (Vampire Wanderer)      Turns: 70962, Time: 07:33:42

Health: 217/217    AC: 36    Str: 10    XL:     26   Next: 41%
Magic:  31/31      EV: 42    Int: 13    God:    Ashenzari [******]
Gold:   3342       SH: 29    Dex: 34    Spells: 29/41 levels left

rFire   + + +        a - +9 rapier "Shackled With Me" {elec, Fort, Melee} (curse)
rCold   + + +        T - +4 kite shield "Loss of Ashenzari" {rPois rC+, Cun, Bglg} (curse)
rNeg    + + +        t - +6 acid dragon scales of Ashenzari's Burden {rCorr, Self, Elem} (curse)
rPois   ∞            Q - +2 helmet "Chained Sybil" {Cun, Self} (curse)
rElec   .            V - +2 cloak "Chained Ordeal" {Evo, Cun} (curse)
rCorr   +            D - +2 pair of gloves "Celestial Boredom" {rF+, Cun, Fort} (curse)
SInv    +            W - +2 pair of boots "Yoke of Ashenzari" {Fly, Bglg, Cun} (curse)
Will    ++...        G - macabre finger necklace {Finger+ rN+, Melee, Fort} (curse)
Stlth   ++++         c - ring of Supernal Wisdom {Fly rPois rF++, Evo, Self} (curse)
HPRegen 0.56/turn    l - ring "Ensconced Portent" {rC+ AC+4, Melee, Evo} (curse)
MPRegen 0.22/turn    p - ring "Share My Regret" {Dex+6, Fort, Alch} (curse)

%: clarity
@: flying, bloodless
A: bloodless, fangs 3, see invisible, vampiric 2, large bone plates 1,
deterioration 1, low MP 1, robust 1, screaming 1, no potion heal 1
0: Orb of Zot
}: 3/15 runes: serpentine, barnacled, abyssal
a: Bat Form, Revivify, Renounce Religion, Shatter the Chains


You escaped.
You worshipped Ashenzari.
Ashenzari was exalted by your worship.
You visited 11 branches of the dungeon, and saw 50 of its levels.
You visited the Abyss 1 time.
You also visited: Ossuary, Ice Cave and Wizlab.

You collected 6902 gold pieces.
You spent 3560 gold pieces at shops.

Inventory:

Hand Weapons
 a - the cursed +9 rapier "Shackled With Me" (weapon) {elec, Fort, Melee}
   (You took it off Nikola on level 4 of the Snake Pit)

   It has a curse which improves the following skills: Fortitude: Armour and
   Shields.
   Melee Combat: Short Blades, Long Blades, Axes, Maces & Flails, Polearms,
   Staves and Unarmed Combat.
 b - a +9 spectral rapier
Missiles
 i - 39 poisoned darts
 n - 5 throwing nets (quivered)
 B - 17 atropa-tipped darts
 R - 7 curare-tipped darts
Armour
 t - the cursed +6 acid dragon scales of Ashenzari's Burden (worn) {rCorr, Self, Elem}
   (You found it on level 13 of the Dungeon)

   rCorr:     It protects you from acid and corrosion.
   It has a curse which improves the following skills: Introspection: Fighting
   and Spellcasting.
   Elements:  Fire Magic, Ice Magic, Air Magic and Earth Magic.
 D - the cursed +2 pair of gloves "Celestial Boredom" (worn) {rF+, Cun, Fort}
   (You bought it in a shop on level 1 of the Depths)

   It has a curse which improves the following skills: Cunning: Dodging and
   Stealth.
   Fortitude: Armour and Shields.
 Q - the cursed +2 helmet "Chained Sybil" (worn) {Cun, Self}
   (You bought it in a shop on level 3 of the Vaults)

   It has a curse which improves the following skills: Cunning: Dodging and
   Stealth.
   Introspection: Fighting and Spellcasting.
 T - the cursed +4 kite shield "Loss of Ashenzari" (worn) {rPois rC+, Cun, Bglg}
   (You acquired it on level 2 of the Orcish Mines)

   rC:        It protects you from cold.
   rPois:     It protects you from poison.
   It has a curse which improves the following skills: Cunning: Dodging and
   Stealth.
   Beguiling: Conjurations, Hexes and Translocations.
 V - the cursed +2 cloak "Chained Ordeal" (worn) {Evo, Cun}
   (You took it off a draconian annihilator on level 3 of the Realm of Zot)

   It has a curse which improves the following skills: Evocations: Evocations.
   Cunning:   Dodging and Stealth.
 W - the cursed +2 pair of boots "Yoke of Ashenzari" (worn) {Fly, Bglg, Cun}
   (You found it in a wizard's laboratory)

   It has a curse which improves the following skills: Beguiling: Conjurations,
   Hexes and Translocations.
   Cunning:   Dodging and Stealth.
Jewellery
 c - the cursed ring of Supernal Wisdom (left hand) {Fly rPois rF++, Evo, Self}
   (You took it off a deep elf sorcerer on level 3 of the Elven Halls)

   [ring of flight]

   rF:        It greatly protects you from fire.
   rPois:     It protects you from poison.
   Fly:       It grants you flight.
   It has a curse which improves the following skills: Evocations: Evocations.
   Introspection: Fighting and Spellcasting.
 l - the cursed ring "Ensconced Portent" (right hand) {rC+ AC+4, Melee, Evo}
   (You found it on level 8 of the Dungeon)

   [ring of protection]

   AC:        It affects your AC (+4).
   rC:        It protects you from cold.
   It has a curse which improves the following skills: Melee Combat: Short
   Blades, Long Blades, Axes, Maces & Flails, Polearms, Staves and Unarmed
   Combat.
   Evocations: Evocations.
 p - the cursed ring "Share My Regret" (on amulet) {Dex+6, Fort, Alch}
   (You found it on level 2 of the Vaults)

   [ring of dexterity]

   Dex:       It affects your dexterity (+6).
   It has a curse which improves the following skills: Fortitude: Armour and
   Shields.
   Alchemy:   Poison Magic and Transmutations.
 G - the cursed macabre finger necklace (around neck) {Finger+ rN+, Melee, Fort}
   (You bought it in a shop on level 2 of the Depths)

   [amulet of nothing]

   Finger+:   It enables you to equip an extra ring.
   rN:        It protects you from negative energy.
   It has a curse which improves the following skills: Melee Combat: Short
   Blades, Long Blades, Axes, Maces & Flails, Polearms, Staves and Unarmed
   Combat.
   Fortitude: Armour and Shields.
Wands
 m - a wand of light (23)
 x - a wand of flame (96)
 C - a wand of polymorph (9)
 E - a wand of mindburst (14)
 H - a wand of charming (16)
 L - a wand of digging (10)
 P - a wand of roots (50)
Scrolls
 d - a scroll of fog
 f - 8 scrolls of enchant armour
 j - 6 scrolls of butterflies
 k - a scroll of enchant weapon
 o - 10 scrolls of amnesia
 u - 4 scrolls of poison
 v - 23 scrolls of teleportation
 y - 11 scrolls of fear
 z - 2 scrolls of blinking
 K - 2 scrolls of silence
 M - 5 scrolls of magic mapping
Potions
 e - 7 potions of magic
 g - 11 potions of mutation
 h - 12 potions of flight
 q - 29 potions of curing
 r - 14 potions of heal wounds
 w - 11 potions of brilliance
 A - 6 potions of ambrosia
 F - a potion of haste
 I - 3 potions of resistance
 J - 3 potions of cancellation
 O - 3 potions of might
 S - 10 potions of attraction
 Z - 2 potions of invisibility
Miscellaneous
 s - a phial of floods (inert)
 N - a box of beasts
 U - a phantom mirror
 X - a lightning rod (4/4)
 Y - a condenser vane


   Skills:
 - Level 22.9(27) Fighting
 - Level 24.3(27) Short Blades
 - Level 4.2 Throwing
 + Level 13.0(18.7) Armour
 - Level 19.4(25.7) Dodging
 - Level 19.5(25.8) Stealth
 - Level 19.3(24.7) Shields
 - Level 4.1(8.3) Spellcasting
 - Level 18.1(21.5) Hexes
 - Level 3.1(5.2) Transmutations
 - Level 10.0(12.4) Air Magic
 - Level 3.1(5.2) Earth Magic
 - Level 1.0 Invocations
 - Level 4.1(8.3) Evocations


You had 29 spell levels left.
You knew the following spells:

 Your Spells              Type           Power      Damage    Failure   Level
a - Slow                  Hex            100%       N/A       0%          1
c - Tukima's Dance        Hex            57%        N/A       0%          3
d - Passwall              Tmut/Erth      15%        N/A       3%          2
g - Apportation           Tloc           12%        N/A       16%         1
s - Silence               Hex/Air        24%        N/A       1%          5

Your spell library contained the following spells:

 Spells                   Type           Power      Damage    Failure   Level
 Confusing Touch          Hex            57%        N/A       0%          3
 Dazzling Flash           Conj/Hex       68%        N/A       1%          3
 Portal Projectile        Hex/Tloc       68%        N/A       1%          3
 Summon Guardian Golem    Hex/Summ       33%        N/A       1%          3
 Swiftness                Air            37%        N/A       1%          3
 Airstrike                Air            18%        2d(3-19)  1%          4
 Leda's Liquefaction      Hex/Erth       20%        N/A       1%          4
 Sandblast                Erth           38%        2d10      2%          1
 Static Discharge         Conj/Air       44%        2-4/arc   2%          2
 Anguish                  Hex/Necr       16%        N/A       2%          4
 Fulminant Prism          Conj/Hex       17%        3d10      2%          4
 Wereblood                Tmut           19%        N/A       3%          2
 Vhi's Electric Charge    Tloc/Air       44%        N/A       4%          3
 Cigotuvi's Dreadful Rot  Necr/Pois/Air  32%        N/A       5%          2
 Sting                    Tmut/Pois      48%        1d5       6%          1
 Metabolic Englaciation   Hex/Ice        16%        N/A       6%          5
 Summon Mana Viper        Hex/Summ       33%        N/A       7%          5
 Magic Dart               Conj           24%        1d4       16%         1
 Summon Lightning Spire   Summ/Air       21%        N/A       16%         4
 Stone Arrow              Conj/Erth      24%        3d8       19%         3
 Discord                  Hex            28%        N/A       19%         8
 Necrotise                Necr           20%        1d5       21%         1
 Summon Small Mammal      Summ           20%        N/A       21%         1
 Petrify                  Tmut/Erth      19%        N/A       22%         4
 Blink                    Tloc           12%        N/A       24%         2
 Lesser Beckoning         Tloc           12%        N/A       24%         2
 Momentum Strike          Conj/Tloc      12%        3d8       24%         2
 Searing Ray              Conj           12%        2d4       24%         2
 Arcjolt                  Conj/Air       11%        1d21      36%         5
 Gell's Gravitas          Tloc           6%         N/A       43%         3
 Teleport Other           Tloc           6%         N/A       43%         3
 Hailstorm                Conj/Ice       6%         3d4       45%         3
 Ozocubu's Armour         Ice            6%         N/A       47%         3
 Call Canine Familiar     Summ           5%         N/A       52%         3
 Vampiric Draining        Necr           5%         2d6       52%         3
 Ice Form                 Ice/Tmut       12%        N/A       54%         4
 Blade Hands              Tmut           9%         N/A       54%         5
 Animate Armour           Summ/Erth      24%        N/A       56%         4
 Iskenderun's Mystic Bla  Conj/Tloc      6%         2d4       85%         4
 Manifold Assault         Tloc           6%         N/A       85%         4
 Passage of Golubria      Tloc           6%         N/A       85%         4
 Sticky Flame             Conj/Fire      6%         2d3       86%         4
 Irradiate                Conj/Tmut      6%         3d13      86%         5
 Olgreb's Toxic Radiance  Pois           6%         N/A       87%         4
 Alistair's Intoxication  Tmut/Pois      8%         N/A       87%         5
 Borgnjor's Vile Clutch   Necr/Erth      6%         N/A       88%         5
 Dispel Undead            Necr           5%         3d7       89%         4
 Conjure Ball Lightning   Conj/Air       11%        3x3d6     91%         6
 Plasma Beam              Fire/Air       11%        2x1d24    92%         6
 Statue Form              Tmut/Erth      12%        N/A       98%         6
 Summon Forest            Summ/Tloc      3%         N/A       99%         5
 Storm Form               Tmut/Air       14%        N/A       99%         7
 Death Channel            Necr           2%         N/A       100%        6
 Dispersal                Tloc           3%         N/A       100%        6
 Eringya's Noxious Bog    Tmut/Pois      6%         N/A       100%        6
 Iron Shot                Conj/Erth      6%         9d2       100%        6
 Simulacrum               Ice/Necr       2%         N/A       100%        6
 Summon Cactus Giant      Summ           2%         N/A       100%        6
 Dragon Form              Tmut           9%         N/A       100%        7
 Malign Gateway           Summ/Tloc      3%         N/A       100%        7
 Monstrous Menagerie      Summ           2%         N/A       100%        7
 Orb of Destruction       Conj           3%         9d5       100%        7
 Ozocubu's Refrigeration  Ice            3%         4d8       100%        7
 Spellforged Servitor     Conj/Summ      3%         N/A       100%        7
 Ignition                 Fire           3%         3d4       100%        8
 Lehudib's Crystal Spear  Conj/Erth      6%         10d3      100%        8
 Maxwell's Capacitive Co  Air            18%        ∞         100%        8
 Summon Horrible Things   Summ           2%         N/A       100%        8
 Chain Lightning          Conj/Air       11%        3d14      100%        9
 Polar Vortex             Ice            3%         N/A       100%        9


Dungeon Overview and Level Annotations

Branches:
Dungeon (15/15)            Temple (1/1) D:5            Lair (5/5) D:9
 Shoals (4/4) Lair:3        Snake (4/4) Lair:2        Slime (0/5) Lair:5
    Orc (2/2) D:10            Elf (3/3) Orc:2        Vaults (4/5) D:14
  Crypt (3/3) Vaults:3       Tomb (0/3) Crypt:3      Depths (4/4) D:15
    Zot (5/5) Depths:4    Ossuary (visited)           IceCv (visited)
 WizLab (visited)

Altars:
Ashenzari
Cheibriados
Gozag
Hepliaklqana
Kikubaaqudgha
Makhleb
Nemelex Xobeh
Okawaru
Qazlal
Ru
Sif Muna
Trog
Uskayaw
Vehumet
Xom
Yredelemnul
Jiyva
Lugonu

Shops:
D:15 *   Orc:1 ?   Orc:2 :(*=   Elf:3 =   Shoals:3 [   Shoals:4 ((=
Snake:1 (=   Snake:4 [   Vaults:2 !=   Vaults:3 [   Vaults:4 *(   Depths:1 *
Depths:2 :=:

Portals:
Hell: Depths:1 Depths:2 Depths:3 Depths:4
Abyss: Lair:5 Depths:3
Pandemonium: Depths:3
Ziggurat: Depths:2

Annotations:
Vaults:1 3 runed translucent doors, Gadrel's ghost, adept BaFE
Vaults:3 A HELMET FINALLY
Depths:2 2 transporters
Zot:4 2 transporters


Innate Abilities, Weirdness & Mutations

You do not regenerate when monsters are visible.
You are frail without blood (-20% HP).
You can heal yourself when you bite living creatures.
You are immune to poison.
You have razor-sharp teeth.
You have supernaturally acute eyesight. (SInv)
You are afflicted with vampirism and can become a bat while bloodless.
You are partially covered in large bone plates. (SH +4)
Your body sometimes deteriorates upon taking damage.
Your magical capacity is low. (-10% MP)
You are robust. (+10% HP)
You occasionally shout uncontrollably at your foes.
Potions are less effective at restoring your health.


Message History

A mysterious force pulls you upwards. The hatch slams shut behind you.
There is a stone staircase leading up here.
You fly upwards.
There is a stone staircase leading down here.
There is a stone staircase leading up here.
You fly upwards.
There is a stone staircase leading down, spattered with blood here.
There is a stone staircase leading up here.
You fly upwards.
There is a stone staircase leading down here.
An efreet comes into view.
It is wielding a +4 scimitar of flaming.
The efreet gestures at you. The bolt of fire misses you.
(D) Dungeon (T) Temple (L) Lair (A) Shoals (P) Snake Pit (M) Slime Pits (O) Orcish Mines (E) Elven Halls (V) Vaults (C) Crypt (W) Tomb (U) Depths (H) Hell (Z) Zot
Where to? (Enter - D:1, ? - help)
There is an open door here.
There is a stone staircase leading up here.
You fly upwards.
There is a stone staircase leading down here.
A balrug and 2 sun demons come into view.
The balrug is wielding a +2 vampiric demon whip.
There is a stone staircase leading up here.
You fly upwards.
There is a stone staircase leading down here.
(D) Dungeon (T) Temple (L) Lair (A) Shoals (P) Snake Pit (M) Slime Pits (O) Orcish Mines (E) Elven Halls (V) Vaults (C) Crypt (W) Tomb (U) Depths (H) Hell (Z) Zot
Where to? (Enter - D:1, ? - help)
There is a stone staircase leading up here.
You fly upwards.
There is a stone staircase leading down here.
There is a stone staircase leading up here.
You fly upwards.
There is a stone staircase leading down here.
There is a staircase leading out of the dungeon here.
You have escaped!

#.#..~.~~
##.#~.~.. ##..~...
#####.#...
##......###
########..#####...
#........## ####
#>....§###
#@..§.§# #...§§§#
########


There were no monsters in sight!

Vanquished Creatures
  2 dread liches
  7 ancient liches
  4 orbs of fire
  2 juggernauts
  Frederick (Vaults:4)
  Margery (Crypt:1)
  Vv (Crypt:2)
  3 Killer Klowns
  Xtahua (Crypt:2)
  4 curse toes
  8 golden dragons
  Nikola (Snake:4)
  Jory (Crypt:1)
  A Cloud Mage (WizLab)
  A Tzitzimitl (Depths:2)
  A bone dragon (Crypt:3)
  4 electric golems
  9 tentacled monstrosities
  An Ice Fiend (Zot:5)
  The ghost of Gos Vomu the Executioner, an adept DsFi of Okawaru (Vaults:3)
  28 Orb Guardians
  3 deep elf blademasters
  5 liches
  4 acid blobs (Depths:2)
  A deep elf master archer (Elf:3)
  Polyphemus (Shoals:3)
  A titan (Vaults:4)
  2 sphinxes
  An Executioner (Abyss:3)
  4 quicksilver dragons
  10 ancient champions
  4 death cobs
  Frances (Snake:1)
  A tentacled starspawn (Abyss:3)
  Roxanne (Elf:2)
  A tengu reaver (Vaults:3)
  5 shadow dragons
  Kirke (D:12)
  13 storm dragons
  8 nagarajas
  Donald (Crypt:2)
  A revenant (Crypt:3)
  16 deep elf sorcerers
  2 rockslimes (Depths:2)
  6 draconian monks
  3 azure jellies
  7 frost giants
  5 draconian knights
  3 fire giants
  An iron dragon (Depths:3)
  7 draconian scorchers
  8 vault wardens
  4 ghost moths
  3 ghouls
  3 spectral caustic shrikes (Depths:2)
  Aizul (Snake:2)
  An angel (Abyss:3)
  7 draconian shifters
  3 spriggan defenders
  A shard shrike simulacrum (Crypt:3)
  30 very ugly things
  3 reapers
  13 draconian annihilators
  2 ophanim (Abyss:3)
  3 orc warlords
  17 ironbound preservers
  2 deep elf elementalists (Elf:3)
  4 draconian stormcallers
  2 juggernaut zombies
  4 ironbound thunderhulks
  10 vampire knights
  10 stone giants
  4 deep elf demonologists (Elf:3)
  7 black draconians
  10 dire elephants
  11 yellow draconians
  4 deep elf annihilators
  The ghost of Xrynn the Tortoise, a journeyman MiBe of Trog (Lair:3)
  A lorocyproca (Depths:1)
  5 purple draconians
  A spark wasp (Shoals:2)
  15 green draconians
  12 red draconians
  6 merfolk javelineers
  9 deep elf death magi
  2 green deaths
  13 white draconians
  A crystal guardian (Vaults:2)
  5 blizzard demons
  5 ettins
  9 eidola
  4 fire dragons
  5 deep elf high priests (Elf:3)
  The ghost of Rem the Martial Artist, a journeyman OpTm of Gozag (Lair:3)
  16 merfolk impalers
  The ghost of Ciata the Cleaver, a journeyman MiBe of Trog (Orc:1)
  8 great orbs of eyes
  Josephine (Orc:2)
  8 jiangshi
  2 entropy weavers
  13 yaktaur captains
  5 ice dragons
  7 vault guards
  A peacekeeper (Vaults:2)
  4 hydras
  3 catoblepae
  2 two-headed ogres
  5 spriggan air magi
  A hell beast (Zot:4)
  A caustic shrike simulacrum (Depths:2)
  A fenstrider witch zombie (Crypt:2)
  3 merfolk avatars
  5 ghost crabs (WizLab)
  2 death knights (Crypt:1)
  4 boulder beetles
  3 satyrs
  4 alligator snapping turtles (Shoals:4)
  34 dancing weapons
  10 ironbound frosthearts
  12 anacondas
  11 deep troll shamans
  4 merfolk aquamancers
  11 centaur warriors
  13 death yaks
  9 naga warriors
  10 tengu warriors
  3 spriggan berserkers
  6 vampire magi
  8 deep troll earth magi
  4 thrashing horrors
  2 soul eaters
  21 naga sharpshooters
  5 orc high priests
  7 shock serpents
  5 hell knights (Crypt:1)
  A goliath frog (Crypt:1)
  20 deep elf knights
  2 salamander mystics
  A storm dragon zombie (Depths:2)
  A fire crab (D:13)
  11 iron trolls
  30 skeletal warriors
  4 shadow wraiths
  3 skysharks
  A quicksilver dragon simulacrum (Vaults:4)
  5 flayed ghosts
  A shadow demon (Zot:5)
  3 death drakes (WizLab)
  4 naga ritualists
  20 sea snakes
  13 deep elf archers
  76 deep trolls
  An iron giant skeleton (Crypt:3)
  2 cherubim (Abyss:3)
  A golden dragon skeleton (Depths:2)
  A steelbarb worm (shapeshifter) (Elf:3)
  3 bog bodies (Crypt:3)
  8 lindwurms
  36 harpies
  An anaconda skeleton (Crypt:3)
  15 ironbound convokers
  15 orc knights
  8 wizards
  25 deep elf zephyrmancers
  Pikel (D:6)
  7 phantasmal warriors
  A harpy (shapeshifter) (D:13)
  8 necromancers
  A frost giant zombie (Depths:2)
  A wolf spider (Crypt:1)
  26 deep elf pyromancers
  5 shining eyes (Depths:2)
  6 mana vipers
  8 salamanders
  4 orc sorcerers
  8 cyclopes
  A stone giant zombie (Depths:2)
  37 ugly things
  2 frost giant skeletons
  7 merfolk sirens
  17 fauns
  13 elephants
  26 black mambas
  22 moths of wrath
  15 manticores
  An ice statue (IceCv)
  16 vault sentinels
  Joseph (D:8)
  15 naga magi
  3 torpor snails
  A black mamba (shapeshifter) (D:15)
  5 guardian serpents
  A demonic crawler (Crypt:1)
  5 apocalypse crabs (WizLab)
  An alligator snapping turtle zombie (Crypt:3)
  7 water nymphs
  13 cane toads
  4 smoke demons
  2 gargoyles
  An orange demon (Depths:3)
  An anaconda simulacrum (IceCv)
  A kobold demonologist (D:14)
  10 rime drakes
  4 freezing wraiths
  A yaktaur (shapeshifter) (D:13)
  A yaktaur skeleton (Vaults:4)
  2 unseen horrors
  2 ice devils
  8 tengu conjurers
  2 green draconian zombies
  10 komodo dragons
  36 yaktaurs
  An efreet (D:10)
  4 guardian mummies (Crypt:3)
  A red devil (Depths:3)
  7 trolls
  A queen bee (D:13)
  4 polar bears
  2 hornets
  2 ancient zymes
  3 hellwings
  A hornet (shapeshifter) (D:13)
  A tengu simulacrum (Depths:2)
  Grinder (D:3)
  41 merfolk
  25 blink frogs (Lair:5)
  8 wind drakes
  A harpy skeleton (Crypt:3)
  4 meliai
  9 snapping turtles
  A harpy zombie (Crypt:3)
  6 dream sheep
  2 raiju (Abyss:3)
  32 slime creatures
  2 tarantella zombies (Crypt:3)
  A guardian serpent skeleton (Crypt:2)
  An ettin skeleton (Crypt:3)
  2 human simulacra (Vaults:4)
  An ice dragon skeleton (Crypt:1)
  A satyr zombie (Crypt:3)
  3 flying skulls
  16 air elementals
  Sigmund (D:4)
  A spriggan (Depths:3)
  52 yaks
  3 ynoxinuls
  An alligator skeleton (Crypt:3)
  12 wraiths
  31 water elementals
  3 shadows
  2 hogs (D:12)
  3 wyverns
  Grum (D:8)
  2 dire elephant simulacra (IceCv)
  2 steam dragons (D:10)
  7 basilisks
  6 fire elementals
  A vampire (D:11)
  3 chaos spawn
  A yak (shapeshifter) (Lair:5)
  2 golden eyes (Depths:2)
  18 vampire mosquitoes
  9 redbacks
  32 nagas
  A human zombie (Depths:2)
  Edmund (D:4)
  3 wargs
  A glowing shapeshifter zombie (Vaults:4)
  2 two-headed ogre zombies (D:10)
  A harpy simulacrum (IceCv)
  A fire bat zombie (Crypt:3)
  6 large abominations
  3 hydra simulacra (IceCv)
  An acid dragon (D:13)
  12 water moccasins
  Duvessa (D:4)
  A deep troll skeleton (Crypt:3)
  A human skeleton (Depths:2)
  A meliai simulacrum (D:13)
  A glowing shapeshifter skeleton (Depths:2)
  3 black bears
  13 small abominations
  A hornet zombie (Crypt:2)
  37 orc warriors
  An ice beast (D:6)
  A sky beast (D:6)
  A lindwurm zombie (Crypt:2)
  21 wolves
  4 ogres
  10 centaurs
  2 lemures (D:7)
  2 phantoms
  3 kobold brigands
  8 bullfrogs
  11 two-headed ogre simulacra (IceCv)
  4 earth elementals
  2 scorpions
  A cane toad simulacrum (IceCv)
  Dowan (D:4)
  4 water moccasin zombies (Ossuary)
  9 wights
  A wyvern skeleton (Crypt:2)
  A spriggan zombie (Crypt:1)
  21 killer bees
  2 troll zombies (D:10)
  A queen bee zombie (Crypt:2)
  3 elephant simulacra (IceCv)
  A wolf zombie (Crypt:1)
  2 polar bear skeletons
  3 electric eels
  A hound (shapeshifter) (Crypt:1)
  4 jellies
  22 orc priests
  A gnoll bouda (Lair:3)
  3 hounds
  An iron imp (Abyss:3)
  2 iguanas (D:6)
  21 orc wizards
  4 troll simulacra (IceCv)
  A polar bear simulacrum (IceCv)
  4 spriggan simulacra (IceCv)
  5 hell rats
  2 wolf simulacra (IceCv)
  A naga zombie (Crypt:2)
  4 ogre zombies (D:10)
  A deep dwarf skeleton (Crypt:1)
  2 mummies (Ossuary)
  8 naga simulacra
  7 adders
  5 white imps
  5 ufetubi (IceCv)
  4 adder zombies (Ossuary)
  A worm (D:6)
  100 orcs
  5 ball pythons
  3 bats
  7 endoplasms
  5 giant cockroaches
  6 goblins
  6 hobgoblins
  3 quokkas
  2 frilled lizards
  5 gnoll zombies (Ossuary)
  5 goblin zombies
  A hobgoblin skeleton (D:10)
  9 hobgoblin zombies
  24 kobolds
  4 kobold zombies (Ossuary)
  4 orc skeletons (D:10)
  19 orc zombies
  8 rats
  A rat skeleton (Crypt:2)
  A starspawn tentacle (Abyss:3)
2335 creatures vanquished.

Vanquished Creatures (collateral kills)
  A tentacled monstrosity (Zot:1)
  A draconian knight (Zot:3)
  A vault warden (Vaults:3)
  2 quicksilver oozes (Depths:2)
  A yellow draconian (Zot:1)
  A jiangshi (Crypt:3)
  A skeletal warrior (Crypt:3)
8 creatures vanquished.

Vanquished Creatures (others)
  A spriggan berserker (Depths:3)
  A shock serpent (WizLab)
  A harpy (Shoals:4)
  A deep elf zephyrmancer (Elf:1)
  2 water elementals (Depths:3)
  8 hydra simulacra (Depths:3)
  An electric eel (Snake:3)
  An orc (Orc:1)
  40 spectral weapons
  2 starspawn tentacles (Abyss:3)
58 creatures vanquished.

Grand Total: 2401 creatures vanquished

Notes
Turn   | Place    | Note
-------+----------+-------------------------------------------
     0 | D:1      | LordWeiramon the Vampire Wanderer began the quest for the
                  | Orb.
     0 | D:1      | LordWeiramon set off with the following items: a +2 dagger,
                  | a potion of invisibility, a +0 buckler, a scroll of fog, a
                  | +0 robe; and the following spell memorised: Slow; and the
                  | following spells available to memorise: Dazzling Flash.
     0 | D:1      | Reached XP level 1. HP: 13/13 MP: 2/2
    10 | D:1      | Found a faded altar of an unknown god.
    65 | D:1      | Reached skill level 1 in Short Blades
   193 | D:1      | Reached XP level 2. HP: 19/19 MP: 3/3
   218 | D:1      | Reached skill level 2 in Short Blades
  1323 | D:2      | Reached skill level 3 in Short Blades
  1323 | D:2      | Gained mutation: You are afflicted with vampirism and can
                  | become a bat while bloodless. [Vampire growth]
  1323 | D:2      | Reached XP level 3. HP: 20/24 MP: 4/4
  2127 | D:3      | Reached skill level 4 in Short Blades
  2155 | D:3      | Reached XP level 4. HP: 28/30 MP: 5/5
  2206 | D:3      | Noticed Grinder
  2833 | D:4      | Noticed Sigmund
  2844 | D:4      | Killed Sigmund
  2845 | D:4      | Reached skill level 6 in Short Blades
  2845 | D:4      | Reached XP level 5. HP: 35/35 MP: 6/6
  3554 | D:4      | Found a bloodstained altar of Trog.
  3568 | D:4      | Noticed Edmund
  3622 | D:4      | Found a shimmering blue altar of Sif Muna.
  3672 | D:4      | Noticed Duvessa
  3672 | D:4      | Noticed Dowan
  3695 | D:4      | Killed Dowan
  3696 | D:4      | Reached skill level 1 in Fighting
  3696 | D:4      | Reached XP level 6. HP: 43/43 MP: 7/7
  3699 | D:4      | Killed Duvessa
  4331 | D:5      | Entered Level 5 of the Dungeon
  4410 | D:5      | Noticed a water moccasin
  4426 | D:5      | Killed a water moccasin
  4427 | D:5      | Reached skill level 7 in Short Blades
  4427 | D:5      | Reached XP level 7. HP: 48/51 MP: 8/8
  4695 | D:5      | Reached skill level 8 in Short Blades
  4970 | D:5      | Found a staircase to the Ecumenical Temple.
  5185 | D:6      | Found an iron altar of Okawaru.
  5306 | D:6      | Reached skill level 9 in Short Blades
  5489 | D:6      | Reached XP level 8. HP: 37/57 MP: 7/9
  5716 | D:6      | Found a snail-covered altar of Cheibriados.
  5847 | D:6      | Reached skill level 10 in Short Blades
  6027 | Temple   | Entered the Ecumenical Temple
  6033 | Temple   | Became a worshipper of Ashenzari the Shackled
  6457 | D:4      | Killed Edmund
  6827 | D:7      | Reached skill level 5 in Dodging
  7311 | D:7      | Reached * piety under Ashenzari
  7477 | D:7      | Noticed Pikel
  7528 | D:6      | Killed Pikel
  7529 | D:6      | Reached skill level 11 in Short Blades
  7529 | D:6      | Reached XP level 9. HP: 57/62 MP: 10/10
  7908 | D:8      | Identified the +1 spear of the Building Jester {freeze,
                  | Dex+3}
  7910 | D:8      | Found a sand-covered staircase.
  7915 | Ossuary  | Entered an ossuary
  7933 | Ossuary  | Reached ** piety under Ashenzari
  7992 | Ossuary  | Reached skill level 5 in Hexes
  8206 | D:8      | Noticed a gargoyle
  8294 | D:8      | Noticed Joseph
  8296 | D:8      | Killed Joseph
  8484 | D:8      | Noticed Grum
  8512 | D:8      | Killed Grum
  8513 | D:8      | Reached XP level 10. HP: 61/69 MP: 11/11
  8614 | D:8      | Identified the ring "Ufrosk" {rC+ AC+4}
  8822 | D:8      | Reached skill level 1 in Evocations
  8949 | D:8      | Killed a gargoyle
  9199 | D:3      | Killed Grinder
  9386 | D:9      | Found a staircase to the Lair.
  9386 | D:9      | Noticed an elephant
  9636 | D:9      | Reached skill level 5 in Fighting
  9840 | D:9      | Reached *** piety under Ashenzari
 10078 | D:10     | Entered Level 10 of the Dungeon
 10225 | D:10     | Found a hazy altar of Hepliaklqana.
 10391 | D:10     | Reached XP level 11. HP: 79/79 MP: 12/12
 10532 | D:10     | Reached **** piety under Ashenzari
 10748 | D:10     | Found a staircase to the Orcish Mines.
 11168 | D:10     | Found a hide-covered altar of Uskayaw.
 11355 | D:11     | Noticed a two-headed ogre
 11461 | D:11     | Killed a two-headed ogre
 11462 | D:11     | Reached skill level 5 in Armour
 11626 | D:11     | Learned a level 5 spell: Silence
 11689 | D:11     | Reached skill level 10 in Stealth
 12081 | Lair:1   | Entered Level 1 of the Lair of Beasts
 12382 | Lair:1   | Reached skill level 1 in Air Magic
 12709 | Lair:1   | Reached XP level 12. HP: 89/89 MP: 13/15
 13198 | Lair:2   | Reached skill level 10 in Dodging
 13382 | Lair:2   | Found a hazy altar of Hepliaklqana.
 13682 | Lair:2   | Found a staircase to the Snake Pit.
 14176 | Lair:3   | Found a staircase to the Shoals.
 14549 | Lair:3   | Found a runed translucent gate.
 14549 | Lair:3   | Found a runed translucent gate.
 14550 | Lair:3   | Found a runed translucent gate.
 14551 | Lair:3   | Noticed Rem's ghost (journeyman OpTm)
 14552 | Lair:3   | Noticed Xrynn's ghost (journeyman MiBe)
 14619 | Lair:3   | Killed Xrynn's ghost
 14631 | Lair:3   | Killed Rem's ghost
 14933 | Lair:4   | Found a frozen archway.
 14968 | Lair:4   | Reached XP level 13. HP: 89/95 MP: 16/16
 15004 | IceCv    | Entered an ice cave
 15024 | IceCv    | Reached skill level 15 in Dodging
 15620 | IceCv    | Noticed a reaper
 15668 | IceCv    | Killed a reaper
 16232 | Lair:4   | You fall into a shaft and drop 1 floor!
 16232 | Lair:5   | Entered Level 5 of the Lair of Beasts
 17025 | Lair:5   | Noticed Sonja
 17201 | Lair:5   | Found a staircase to the Slime Pits.
 17202 | Lair:5   | Found a viscous altar of Jiyva.
 17241 | Lair:5   | Reached skill level 10 in Hexes
 17324 | Lair:5   | Reached skill level 5 in Air Magic
 17474 | Lair:5   | Sonja changed into Sonja the black bear
 17474 | Lair:5   | Noticed Sonja
 17479 | Lair:5   | Killed Sonja the black bear
 17544 | Lair:5   | Found the +4 skin of Zhor {*Englaciate rC+++ SInv}
 17644 | Lair:5   | Reached XP level 14. HP: 80/106 MP: 17/17
 17707 | Lair:5   | Identified a scroll of acquirement
 18607 | Lair:5   | Reached skill level 15 in Hexes
 18762 | Lair:5   | Found a corrupted altar of Lugonu.
 18762 | Lair:5   | Found a one-way gate to the infinite horrors of the Abyss.
 19288 | D:10     | Found the +8 storm bow {elec, penet}
 19295 | D:10     | Identified Advanced Wizardry
 19295 | D:10     | Identified the ring "Kyotemp" {*Corrode +Blink rF+ Int+3
                  | SInv}
 19295 | D:10     | Identified the Handbook of Bloody Ceraunoscopy
 19645 | D:12     | Noticed Kirke
 19664 | D:12     | Killed Kirke
 20477 | D:13     | Reached XP level 15. HP: 107/112 MP: 21/21
 21469 | D:14     | Noticed a storm dragon
 21524 | D:14     | Identified the Almanac of the Gathering
 21525 | D:14     | Found the +12 glaive of Prune {freeze, Prune}
 21689 | D:14     | Found a gate to the Vaults.
 21859 | D:14     | Killed a storm dragon
 21955 | D:15     | Entered Level 15 of the Dungeon
 22091 | D:15     | Reached skill level 15 in Stealth
 22252 | D:15     | Found Geunoutt's Assorted Antiques.
 22292 | D:15     | Bought a green potion for 35 gold pieces
 22595 | D:15     | Found a staircase to the Depths.
 22781 | Orc:1    | Entered Level 1 of the Orcish Mines
 23476 | Orc:1    | Found Niuh's Magic Scroll Boutique.
 23614 | Orc:1    | Bought a scroll of enchant weapon for 127 gold pieces
 23614 | Orc:1    | Bought a scroll of butterflies for 68 gold pieces
 23714 | Orc:1    | Found a large runed translucent door.
 23719 | Orc:1    | Found a large runed translucent door.
 23782 | Orc:1    | Noticed Ciata's ghost (journeyman MiBe)
 23785 | Orc:1    | Found the +5 demon whip "Spellbinder" {antimagic, disrupt,
                  | Will+}
 23806 | Orc:1    | Killed Ciata's ghost
 23932 | Orc:2    | Entered Level 2 of the Orcish Mines
 24302 | Orc:1    | Learned a level 1 spell: Apportation
 24310 | Orc:1    | Learned a level 3 spell: Tukima's Dance
 24401 | Orc:2    | Found a staircase to the Elven Halls.
 24472 | Orc:2    | Noticed Josephine
 24610 | Orc:2    | Killed Josephine
 24611 | Orc:2    | Reached XP level 16. HP: 119/119 MP: 17/22
 24907 | Orc:2    | Paralysed by an orc sorcerer for 4 turns
 24993 | Orc:2    | Found Hynits's Antique Weapon Boutique.
 24993 | Orc:2    | Found Yppom's Book Shoppe.
 25017 | Orc:2    | Found Fil Guwk's Jewellery Boutique.
 25017 | Orc:2    | Found Cuufu's General Store.
 25041 | Orc:2    | Bought a book of Geomancy for 234 gold pieces
 25044 | Orc:2    | Learned a level 2 spell: Passwall
 25047 | Orc:2    | Bought a ring of flight for 192 gold pieces
 25096 | Orc:2    | Acquired the +4 kite shield of Analysis {rPois rC+}
 25258 | Snake:1  | Entered Level 1 of the Snake Pit
 25277 | Snake:1  | Reached skill level 5 in Shields
 25458 | Snake:1  | Noticed Frances
 25474 | Snake:1  | Killed Frances
 25552 | Snake:1  | Found Cemaa's Antique Weapon Shop.
 25558 | Snake:1  | Found Weut Aso's Jewellery Boutique.
 26381 | Snake:2  | Identified the +7 ring mail "Cifolly" {rPois}
 26461 | Snake:2  | Noticed Aizul
 26530 | Snake:2  | Killed Aizul
 26678 | Snake:2  | Reached skill level 10 in Shields
 27206 | Snake:3  | Reached XP level 17. HP: 104/124 MP: 23/23
 27591 | Snake:3  | Reached ***** piety under Ashenzari
 27958 | Snake:4  | Entered Level 4 of the Snake Pit
 28394 | Snake:4  | Found Winkelried's Dragon-Slaying Spoils.
 29320 | Snake:4  | Noticed Nikola
 29416 | Snake:4  | Killed Nikola
 29644 | Snake:4  | Got a serpentine rune of Zot
 29858 | Shoals:1 | Entered Level 1 of the Shoals
 31105 | Shoals:2 | Reached skill level 15 in Shields
 31635 | Shoals:2 | Reached XP level 18. HP: 122/133 MP: 24/24
 31869 | Shoals:3 | Found Vofics's Armour Shoppe.
 32050 | Shoals:3 | Noticed Polyphemus
 32103 | Shoals:3 | Killed Polyphemus
 32820 | Shoals:4 | Entered Level 4 of the Shoals
 32823 | Shoals:4 | Identified the +4 chain mail of the Poles {Dex+2}
 32842 | Shoals:4 | Identified the ring of Mivvifi {rElec rN+ Str+2 Dex-4
                  | Stlth+}
 32867 | Shoals:4 | Reached skill level 12 in Short Blades
 33015 | Shoals:4 | Found Utuph's Antique Weapon Boutique.
 33089 | Shoals:4 | Reached skill level 1 in Transmutations
 33093 | Shoals:4 | Reached skill level 1 in Earth Magic
 33416 | Shoals:4 | Identified the +9 dagger of the Solemn God {venom, rPois}
 33709 | Shoals:4 | Found Vionut's Antique Weapon Boutique.
 33731 | Shoals:4 | Reached skill level 1 in Throwing
 33817 | Shoals:4 | Found Muass's Jewellery Boutique.
 33897 | Shoals:4 | Got a barnacled rune of Zot
 34481 | Elf:1    | Entered Level 1 of the Elven Halls
 34488 | Elf:1    | Identified the Catalogue of Gathered Wounds
 35165 | Elf:1    | Reached XP level 19. HP: 144/144 MP: 25/25
 35699 | Elf:2    | Found a runed translucent gate.
 35701 | Elf:2    | Found a runed translucent gate.
 35701 | Elf:2    | Found a runed translucent gate.
 35810 | Elf:2    | Reached skill level 10 in Armour
 35861 | Elf:2    | Identified Roxanne's Octavo of the Caves
 35861 | Elf:2    | Noticed Roxanne
 37418 | Elf:2    | Killed Roxanne
 37465 | Elf:3    | Entered Level 3 of the Elven Halls
 37884 | Elf:3    | Paralysed by an air elemental for 1 turns
 38221 | Elf:3    | Found Rompimeh's Jewellery Shop.
 38485 | Elf:2    | Found an ancient bone altar of Kikubaaqudgha.
 39063 | Elf:3    | Identified the +9 dagger of the Jester {flame, rPois rCorr}
 39171 | Abyss:3  | Cast into level 3 of the Abyss (a deep elf demonologist)
 39343 | Abyss:3  | Noticed a juggernaut
 39345 | Abyss:3  | Killed a juggernaut
 39346 | Abyss:3  | Reached XP level 20. HP: 120/120 MP: 26/26
 39348 | Abyss:3  | Got an abyssal rune of Zot
 39472 | Elf:3    | Escaped the Abyss
 39864 | Elf:3    | Identified the +10 falchion "Globulus" {venom, rPois rF+
                  | Str-2 Dex+3}
 40149 | Elf:3    | Identified the +7 halberd of Floods {heavy, rF- rC+ rN+}
 40281 | Elf:3    | Identified the ring "Pokuocy" {Fly rPois rF++}
 41233 | Elf:3    | Identified the +1 quarterstaff "Fapaufyl" {freeze, Str+3
                  | Dex-3 Stlth+}
 41338 | Elf:3    | Identified the Tome of Allies and the Zephyr
 41341 | Elf:3    | Identified the Book of Undead Anathema
 41341 | Elf:3    | Identified the Essays on Leaden Forms
 41403 | Elf:3    | Identified Sif Muna's Parchment of Transposition
 41706 | Vaults:1 | Entered Level 1 of the Vaults
 41762 | Vaults:1 | Reached skill level 10 in Air Magic
 42928 | Vaults:1 | Found a runed translucent gate.
 42928 | Vaults:1 | Found a runed translucent gate.
 42928 | Vaults:1 | Found a runed translucent gate.
 42930 | Vaults:1 | Noticed Gadrel's ghost (adept BaFE)
 43940 | Vaults:2 | Reached skill level 13 in Short Blades
 44125 | Vaults:2 | Found Fiwivoph's Jewellery Emporium.
 44591 | Vaults:2 | Reached XP level 21. HP: 161/161 MP: 31/31
 44700 | Vaults:2 | Reached skill level 14 in Short Blades
 45007 | Vaults:2 | Found Cahimawn's Distillery.
 45030 | Vaults:2 | Bought a potion of curing for 60 gold pieces
 45030 | Vaults:2 | Bought a potion of cancellation for 160 gold pieces
 45030 | Vaults:2 | Bought a potion of cancellation for 160 gold pieces
 45030 | Vaults:2 | Bought a potion of heal wounds for 100 gold pieces
 45030 | Vaults:2 | Bought 2 potions of resistance for 400 gold pieces
 45319 | Vaults:3 | Reached skill level 15 in Short Blades
 45436 | Vaults:3 | Reached skill level 10 in Fighting
 45829 | Vaults:3 | Found Fok Sel's Antique Armour Shop.
 45839 | Vaults:3 | Bought a shiny helmet for 240 gold pieces
 45839 | Vaults:3 | Bought a pair of warped gloves for 304 gold pieces
 45839 | Vaults:3 | Identified the +0 pair of gloves of the Pit {Int+2} (You
                  | bought it in a shop on level 3 of the Vaults)
 46049 | Vaults:3 | Found a staircase to the Crypt.
 46448 | Vaults:3 | Found a runed translucent door.
 46454 | Vaults:3 | Noticed Gos Vomu's ghost (adept DsFi)
 46456 | Vaults:3 | Identified the Octavo of Excavation
 46502 | Vaults:3 | Killed Gos Vomu's ghost
 47357 | Vaults:4 | Reached skill level 16 in Short Blades
 47681 | Vaults:4 | Reached skill level 17 in Short Blades
 47818 | Vaults:4 | Found Unlewun's Antique Weapon Shoppe.
 47897 | Vaults:4 | Noticed Frederick
 48261 | Vaults:4 | Killed Frederick
 48262 | Vaults:4 | Reached XP level 22. HP: 166/175 MP: 29/32
 48486 | Vaults:4 | Found Dante's General Store.
 48494 | Vaults:4 | Bought a scroll of blinking for 150 gold pieces
 48494 | Vaults:4 | Bought a wand of light (5) for 420 gold pieces
 48519 | Vaults:4 | Reached skill level 18 in Short Blades
 48822 | Crypt:1  | Entered Level 1 of the Crypt
 48844 | Crypt:1  | Noticed Margery
 48852 | Crypt:1  | Killed Margery
 48882 | Crypt:1  | Found a magical portal.
 48887 | WizLab   | Entered The Chambers of the Cloud Mage
 48900 | WizLab   | Paralysed by an air elemental for 1 turns
 49003 | WizLab   | Paralysed by an air elemental for 1 turns
 49043 | WizLab   | Paralysed by an air elemental for 1 turns
 49109 | WizLab   | Paralysed by an air elemental for 1 turns
 49166 | WizLab   | Paralysed by an air elemental for 1 turns
 49217 | WizLab   | Paralysed by an air elemental for 1 turns
 49489 | WizLab   | Paralysed by an air elemental for 1 turns
 49505 | WizLab   | Paralysed by an air elemental for 1 turns
 49716 | WizLab   | Identified the +2 quick blade "Sarcophage" {holy, *Slow
                  | Will+ MP+9 Int+3}
 49716 | WizLab   | Identified Sif Muna's Folio of the Zephyr
 50054 | Crypt:1  | Noticed Jory
 50057 | Crypt:1  | Killed Jory
 50196 | Crypt:1  | Found a runed translucent gate.
 50196 | Crypt:1  | Found a runed translucent gate.
 50198 | Crypt:1  | Found a runed translucent gate.
 50908 | Crypt:2  | Noticed Donald
 50937 | Crypt:2  | Killed Donald
 51193 | Crypt:2  | Identified the +0 kite shield of Depression {Harm Regen+
                  | Str-2 SInv}
 51246 | Crypt:2  | Noticed Vv
 51562 | Crypt:2  | Reached skill level 19 in Short Blades
 51723 | Crypt:2  | Killed Vv
 51888 | Crypt:2  | Noticed Xtahua
 51904 | Crypt:2  | Killed Xtahua
 52186 | Crypt:3  | Entered Level 3 of the Crypt
 52685 | Crypt:3  | Reached skill level 20 in Short Blades
 53311 | Crypt:3  | Reached XP level 23. HP: 155/155 MP: 34/34
 53423 | Crypt:3  | Found the +13 scythe of Curses {drain, curses, Drain}
 53424 | Crypt:3  | Identified the ring of Duziul {rC+ Str+3 Int+4 Dex-4}
 53426 | Crypt:3  | Noticed a curse toe
 53468 | Crypt:3  | Reached skill level 15 in Fighting
 54037 | Crypt:3  | Noticed an ancient lich
 54037 | Crypt:3  | Noticed a dread lich
 54066 | Crypt:3  | Killed a curse toe
 54108 | Crypt:3  | Killed a dread lich
 54129 | Crypt:3  | Killed an ancient lich
 54177 | Crypt:3  | Noticed an ancient lich
 54226 | Crypt:3  | Killed an ancient lich
 54395 | Crypt:3  | Found a staircase to the Tomb.
 55275 | Depths:1 | Entered Level 1 of the Depths
 55477 | Depths:1 | Found Halaskatz's Fire Supplies.
 55489 | Depths:1 | Bought a +2 pair of gloves of fire resistance for 430 gold
                  | pieces
 55720 | Depths:1 | Identified the +5 robe of Dawn {rPois rC+ SInv}
 55882 | Depths:1 | Found a gateway to Hell.
 55917 | Depths:1 | Found a broken altar of Ashenzari.
 56359 | Depths:2 | Reached skill level 21 in Short Blades
 56582 | Depths:2 | Found a one-way gateway to a ziggurat.
 57120 | Depths:2 | Reached skill level 22 in Short Blades
 57298 | Depths:2 | Found a transporter.
 57303 | Depths:2 | Identified the ring of Tismoat {*Slow Fly rN+ Stlth+}
 57304 | Depths:2 | Found a transporter.
 57304 | Depths:2 | Found a viscous altar of Jiyva.
 57459 | Depths:2 | Found Datirr's Book Shop.
 57459 | Depths:2 | Found Piunneid's Jewellery Emporium.
 57460 | Depths:2 | Found Gintueqe's Book Shop.
 57468 | Depths:2 | Bought the macabre finger necklace {Finger+ rN+} for 480
                  | gold pieces
 57468 | Depths:2 | Found the macabre finger necklace {Finger+ rN+}
 58145 | Depths:2 | Gained mutation: Your body sometimes deteriorates upon
                  | taking damage. [a shining eye]
 58433 | Depths:2 | Gained mutation: You occasionally shout uncontrollably at
                  | your foes. [a shining eye]
 58697 | Depths:2 | Reached skill level 23 in Short Blades
 58911 | Depths:2 | Reached XP level 24. HP: 191/202 MP: 29/34
 59813 | Depths:3 | Reached skill level 24 in Short Blades
 59863 | Depths:3 | Found a one-way gate leading to the halls of Pandemonium.
 60083 | Depths:3 | Noticed a juggernaut
 60177 | Depths:3 | Killed a juggernaut
 60229 | Depths:3 | Identified the staff of death "Uludiuc" {rC+ rN+ Int+5
                  | Dex-4}
 60507 | Depths:4 | Entered Level 4 of the Depths
 61186 | Depths:4 | Found a gate to the Realm of Zot.
 61564 | Zot:1    | Entered Level 1 of the Realm of Zot
 61938 | Zot:1    | Noticed an orb of fire
 61958 | Zot:1    | Gained mutation: You sometimes lose your temper in combat.
                  | [an orb of fire]
 61965 | Zot:1    | Killed an orb of fire
 63290 | Zot:2    | Reached XP level 25. HP: 199/221 MP: 31/34
 65581 | Zot:4    | Noticed a Killer Klown
 65589 | Zot:4    | Killed a Killer Klown
 65669 | Zot:4    | Found a transporter.
 66726 | Zot:4    | Identified the +0 scale mail "Lasagung" {rElec rF+ rC-
                  | Str+3 Dex+2}
 66809 | Zot:4    | Found a transporter.
 66811 | Zot:4    | Identified the ring "Oqumpuekk" {Ice Will- Int+3 SInv}
 66812 | Zot:4    | Identified the ring of the Jester {rF+ rN+ SInv Stlth+}
 66812 | Zot:4    | Identified Sif Muna's Directory of Violent Effluvium
 66876 | Zot:5    | Entered Level 5 of the Realm of Zot
 68119 | Zot:5    | Noticed an orb of fire
 68128 | Zot:5    | Gained mutation: Your magical capacity is low. (-10% MP)
                  | [an orb of fire]
 68129 | Zot:5    | Gained mutation: Your body often deteriorates upon taking
                  | damage. [an orb of fire]
 68131 | Zot:5    | Gained mutation: You are weak. (Str -2) [an orb of fire]
 68138 | Zot:5    | Killed an orb of fire
 68140 | Zot:5    | Noticed an orb of fire
 68416 | Zot:5    | Gained mutation: You are robust. (+10% HP) [an orb of fire]
 68419 | Zot:5    | Gained mutation: Potions are less effective at restoring
                  | your health. [an orb of fire]
 68425 | Zot:5    | Noticed an ancient lich
 68426 | Zot:5    | Lost mutation: You are weak. (Str -2) [an orb of fire]
 68430 | Zot:5    | Gained mutation: You have an uncontrollable temper. [an orb
                  | of fire]
 68433 | Zot:5    | Killed an orb of fire
 68441 | Zot:5    | Killed an ancient lich
 68472 | Zot:5    | Noticed an ancient lich
 68658 | Zot:5    | Killed an ancient lich
 68738 | Zot:5    | Noticed a Killer Klown
 68744 | Zot:5    | Killed a Killer Klown
 69126 | Zot:5    | Reached XP level 26. HP: 244/264 MP: 31/31
 69148 | Zot:5    | Reached ****** piety under Ashenzari
 69642 | Zot:5    | Noticed an orb of fire
 69647 | Zot:5    | Gained mutation: You are weak. (Str -2) [an orb of fire]
 69656 | Zot:5    | Killed an orb of fire
 69792 | Zot:5    | Noticed a dread lich
 69823 | Zot:5    | Noticed an ancient lich
 69831 | Zot:5    | Noticed an ancient lich
 69831 | Zot:5    | Noticed an ancient lich
 69838 | Zot:5    | Killed an ancient lich
 69846 | Zot:5    | Killed an ancient lich
 70008 | Zot:5    | Killed a dread lich
 70021 | Zot:5    | Killed an ancient lich
 70198 | Zot:5    | Lost mutation: You are weak. (Str -2) [potion of mutation]
 70198 | Zot:5    | Lost mutation: You have an uncontrollable temper. [potion
                  | of mutation]
 70198 | Zot:5    | Lost mutation: You sometimes lose your temper in combat.
                  | [potion of mutation]
 70198 | Zot:5    | Lost mutation: Your body often deteriorates upon taking
                  | damage. [potion of mutation]
 70198 | Zot:5    | Gained mutation: You are partially covered in large bone
                  | plates. (SH +4) [potion of mutation]
 70345 | Zot:5    | Got the Orb of Zot
 70962 | D:$      | Escaped with the Orb!

Illustrated notes

Levels and vault maps discovered:
D:1:      dpeg_arrival_fog, layout_basic, serial_forest,
          infiniplex_forest_3_way, infiniplex_forest_end_2,
          infiniplex_forest_straight_5, infiniplex_forest_straight_3,
          infiniplex_forest_lined_2, infiniplex_forest_zigzag_1,
          infiniplex_forest_clump_tiny, infiniplex_forest_straight_4,
          shapermc_ecumenical_altar_starsandcircs
D:2:      layout_rooms, serial_aquarium, aquarium_bridge_square
          [aquarium_subvault_wall, aquarium_subvault_bridge,
          aquarium_subvault_wall, aquarium_subvault_bridge],
          aquarium_window_corridor_1, aquarium_window_fake,
          aquarium_window_fake, aquarium_window_1, aquarium_view_2e,
          aquarium_view_2d
D:3:      layout_basic, uniq_grinder
D:4:      layout_layer_cave, nicolae_sif_muna_condensation, trog_book,
          uniq_duvessa, uniq_sigmund, uniq_edmund
D:5:      nicolae_cairo_tiling, layout_basic, minmay_temple_entry_from_below_a
D:6:      layout_basic, chei_slow_surprise, mainiacjoe_overflow_chevrons,
          nicolae_nh_ransacked_shop
D:7:      layout_layer_cave, uniq_pikel
D:8:      layout_cave_pools, kennysheep_mini_moat, enter_ossuary_2, special_room
          [special_room_orc], uniq_grum, uniq_joseph
D:9:      layout_irregular_city, david_lair_generic, water_maze_lemuel
D:10:     minmay_the_grid_triangle_9x9_recursive_2
          [minmay_the_grid_triangle_9x9_prize_schism,
          minmay_the_grid_triangle_9x9_semitri,
          minmay_the_grid_triangle_9x9_zippers_vertical,
          minmay_the_grid_triangle_9x9_steps], layout_loops_corners,
          nicolae_hepliaklqana_hazy_memory, nicolae_uskayaw_suspiria,
          zombieorc2_lemuel, serial_glass, glass_columns_b, glass_columns_c
D:11:     layout_loops_ring
D:12:     layout_loops_ring, minmay_misc_feat_columns, uniq_kirke
D:13:     minmay_dotted_concentric_squares, layout_small_grid, serial_glass,
          glass_columns_b, glass_columns_b, nicolae_looking_at_the_future
D:14:     layout_rooms, david_vaults_5, minmay_diamond_spiral
D:15:     grunt_enter_depths_snipers, layout_basic, minmay_misc_feat_room,
          serial_shops, shop
Temple:   hellmonk_temple_two_chambers
Lair:1:   layout_cellular_growth, grunt_megastairs_4
Lair:2:   layout_regular_city, guppyfry_snake_entry_garden, basic_altar,
          grunt_forest_large_clearings
Lair:3:   layout_misc_corridors, nicolae_shoals_entry_roost,
          gammafunk_ghost_cemetery, chequers_serial_rivers_micro_e,
          dreamdust_gnoll_shepherd
Lair:4:   layout_long_grid, portal_ice_cave_entry_animals_and_master
Lair:5:   hellmonk_lair_end_abyssal_woods, layout_regular_city, slime_entry_1,
          minivault_26, hellmonk_guarded_unrand_zhor, serial_bayou_shore_a,
          uniq_sonja
Shoals:1: layout_shoals, nicolae_shoals_cliffside_cave
Shoals:2: layout_shoals
Shoals:3: layout_shoals, serial_shops, nicolae_shop_hallway_plus,
          uniq_polyphemus
Shoals:4: shoals_end_grunt_ice, layout_shoals, serial_shops,
          nicolae_shop_peninsula, nicolae_shop_window_shopping,
          nicolae_shop_scrapyard
Snake:1:  layout_onion, minmay_shoptagon, grunt_megastairs_5, uniq_frances
Snake:2:  layout_misc_corridors, uniq_aizul
Snake:3:  layout_grid_shapes, serial_bayou, serial_bayou_pond_a,
          serial_bayou_lagoon_a, serial_bayou_lagoon_b, serial_bayou_lake_a
Snake:4:  grunt_snake_rune_serpentine_throne, layout_onion_interference,
          nicolae_shop_dragon_depot, lemuel_fruit_tree, serial_bayou_shore_b,
          uniq_nikola
Orc:1:    layout_caves, special_room [special_room_orc], serial_shops,
          nicolae_shop_stone, ebering_ghost_disaster_area, library_closet
Orc:2:    grunt_orc_tribal_feast, layout_diamond_mine, uniq_josephine
Elf:1:    cheibrodos_wizards_tower, layout_rooms, minivault_28, minivault_23
Elf:2:    nicolae_elf_blades_crystal_corner, layout_loops_corners,
          lemuel_upstairs_altar, uniq_roxanne
Elf:3:    minmay_elf_hall_spiked, layout_gridlike, serial_shops,
          nicolae_shop_competitors_out_of_business, drop_trap,
          grunt_megastairs_1
Vaults:1: gammafunk_ghost_spectres, ontoclasm_vaults_shuriken, v_alt_pattern_3,
          vaults_room_pool, nicolae_vaults_stairing_the_circle,
          hangedman_vaults_snaps, ontoclasm_vaults_fault,
          vaults_dpeg_emergency_exit, nicolae_vaults_diamond_2,
          ontoclasm_vaults_twist, layout_vaults_omnicross
Vaults:2: v_misc_23, hangedman_vaults_stitches, st_cells,
          nicolae_vaults_ring_of_whatevers, nicolae_vaults_network_periphery,
          ontoclasm_vaults_decontamination, v_misc_16,
          nicolae_vaults_octothorpe, nicolae_vaults_sealed_display,
          grunt_vaults_twisty, nicolae_vaults_octothorpe,
          nicolae_vaults_doubleplus_tesselated, nicolae_vaults_more_shelving_1,
          nicolae_vaults_storage_room_water, vaults_room_mumra_shop_pool,
          nicolae_vaults_ring_of_whatevers, vaults_room_grid,
          layout_vaults_omnibox, serial_shops, shop
Vaults:3: hellmonk_ghost_big_iron, minmay_crypt_entry_simple_round, v_misc_5,
          nicolae_vaults_trapezoid_4, nicolae_vaults_swerve,
          nicolae_vaults_shipping_containers_1, nicolae_vaults_sesquioval_fish,
          ontoclasm_vaults_spin, grunt_vaults_hallway_long,
          nicolae_vaults_little_squares_6, vaults_room_door_hall,
          nicolae_vaults_house_2, layout_vaults_ring, serial_shops,
          nicolae_shop_tiny_waterfront
Vaults:4: hangedman_vaults_maws, nicolae_vaults_mini_display_case,
          nicolae_vaults_yaktaur_gun_rack, nicolae_vaults_what_the_h, v_misc_5,
          nicolae_vaults_diffraction_hallways,
          nicolae_vaults_trapezoid_lopsided_3, nicolae_vaults_trapezoid_1,
          v_misc_2, layout_vaults_maze_bifur, serial_shops,
          nicolae_shop_dealshenge, shop, uniq_frederick
Crypt:1:  layout_misc_corridors, mu_enter_wizlab_1, pandoras_box_mu, uniq_jory,
          uniq_margery
Crypt:2:  layout_basic, grunt_megastairs_2, uniq_donald, uniq_xtahua, uniq_vv,
          uniq_grunn
Crypt:3:  david_glass_crypt, layout_misc_corridors, tomb_entry_simple_bobbens,
          serial_co_window_serial, co_window_paths_a, co_window_paths_a,
          co_window_of_opportunity_a, co_window_of_opportunity_a,
          co_window_of_opportunity_a, co_window_paths_a, co_window_corner_a,
          co_window_corner_ca, co_window_corner_b, co_window_paths_c,
          co_window_broadway_a, co_window_unsneaky_path_c, co_window_2corner,
          co_window_4corner_a, co_window_paths_e
Depths:1: layout_basic, pf_coc_iceberg, nicolae_shop_fire_sale
          [nicolae_sub_dead_trees], nicolae_two_hexagons,
          minmay_misc_feat_tower, ashenzari_conservatory_becter
Depths:2: gammafunk_jiyva_shrine, layout_twisted_cross, enter_ziggurat_f,
          pf_hell_entry_tar_river, pan_entry, special_room [special_room_jelly],
          minmay_shop_grove
Depths:3: cheibrodos_hall_of_evolution, layout_cave_pools,
          grunt_pan_entry_zigzag, abyss_entry_crystal, hell_entry
Depths:4: evilmike_zot_entry_basic, layout_cave_pools, chequers_big_river,
          hell_entry
Zot:1:    layout_onion
Zot:2:    layout_cathedral_of_symmetry, st_stairs_14
Zot:3:    layout_gridlike
Zot:4:    gammafunk_its_a_trap, layout_cathedral_of_symmetry
Zot:5:    layout_misc_corridors

Skill      XL: |  1  2  3  4  5  6  7  8  9 10 11 12 13 14 15 16 17 18 19 20 21 22 23 24 25 26 |
---------------+-------------------------------------------------------------------------------+-----
Short Blades   | 1 3 4 6 7 9 11 12 13 17 20 23 24 | 24.3
Fighting       | 1 2 5 7 9 12 14 16 19 22 | 22.9
Dodging        | 5 9 14 15 19 | 19.4
Hexes          | 6 8 11 17 18 | 18.1
Shields        | 4 11 15 19 | 19.3
Evocations     | 1 3 4 |  4.1
Stealth        | 9 12 19 | 19.5
Armour         | 2 5 6 8 10 13 | 13.0
Air Magic      | 1 7 9 10 | 10.0
Spellcasting   | 3 4 |  4.1
Transmutations | 3 |  3.1
Earth Magic    | 3 |  3.1
Throwing       | 4 |  4.2
Invocations    | |  1.0

Action                     |  1- 3 |  4- 6 |  7- 9 | 10-12 | 13-15 | 16-18 | 19-21 | 22-24 | 25-27 || total
---------------------------+-------+-------+-------+-------+-------+-------+-------+-------+-------++-------
  Melee: Dagger            |   291 |    83 |   227 |       |       |       |       |       |       ||   601
         Bite              |    52 |    10 |    47 |   148 |   301 |   289 |   629 |   831 |   320 ||  2627
         Rapier            |       |       |   169 |   829 |  1702 |  1668 |  2945 |  3429 |  1365 || 12107
  Throw: Dart              |       |       |    16 |     8 |    23 |    12 |    22 |    24 |    25 ||   130
         Throwing net      |       |       |       |       |       |       |     1 |     2 |     8 ||    11
   Cast: Slow              |     4 |     1 |    10 |    19 |    54 |    52 |     3 |       |       ||   143
         Silence           |       |       |       |       |    11 |    33 |    63 |    61 |    25 ||   193
         Passwall          |       |       |       |       |       |     1 |     1 |       |       ||     2
         Tukima's Dance    |       |       |       |       |       |       |       |       |     1 ||     1
 Invoke: Curse Item        |       |       |     3 |     4 |     2 |     3 |     2 |     4 |     3 ||    21
         Shatter the Chain |       |       |       |     1 |     1 |     3 |     1 |     3 |     1 ||    10
Ability: Exsanguinate      |       |       |       |       |       |       |     1 |     1 |     3 ||     5
         Revivify          |       |       |       |       |       |       |     1 |     1 |     2 ||     4
  Evoke: Wand              |       |     5 |     7 |     1 |     4 |     1 |     6 |     8 |       ||    32
         Lightning rod     |       |       |       |       |       |       |    10 |     1 |       ||    11
         Box of beasts     |       |       |       |       |       |       |     1 |     2 |       ||     3
         Phantom mirror    |       |       |       |       |       |       |     1 |     2 |       ||     3
         Condenser vane    |       |       |       |       |       |       |     1 |       |       ||     1
         Phial of floods   |       |       |       |       |       |       |       |     1 |     1 ||     2
    Use: Scroll            |     7 |     1 |     9 |     4 |     5 |     8 |    13 |     8 |    12 ||    67
         Potion            |       |     3 |     1 |     2 |     2 |     1 |     3 |     2 |    12 ||    26
   Stab: Sleeping          |    15 |     5 |    18 |    26 |    51 |    75 |   107 |    83 |    16 ||   396
         Invisible         |       |     3 |       |     1 |     1 |       |     1 |       |       ||     6
         Distracted        |       |       |     1 |    27 |    58 |    97 |    37 |    16 |     6 ||   242
         Held in net/web   |       |       |       |       |       |       |     1 |     4 |     8 ||    13
         Betrayed ally     |       |       |       |       |       |       |     1 |       |       ||     1
         Paralysed         |       |       |       |       |       |       |       |     1 |       ||     1
         Confused          |       |       |       |       |       |       |       |     1 |       ||     1
 Armour: Robe              |     7 |     6 |    15 |     6 |       |       |       |       |       ||    34
         Steam dragon scal |       |       |       |    36 |   127 |    72 |    35 |       |       ||   270
         Acid dragon scale |       |       |       |       |       |       |   238 |   358 |   116 ||   712
  Dodge: Dodged            |    42 |    27 |   148 |   344 |   999 |   629 |  1070 |  1539 |   543 ||  5341
  Block: Buckler           |    20 |    19 |    65 |   133 |   400 |    30 |       |       |       ||   667
         Kite shield       |       |       |       |       |       |   870 |  1845 |  2272 |   754 ||  5741
